 Dungeon Crawl Stone Soup version 0.31-a0-702-gf82c85558f (webtiles) character file.

Game seed: 17957636400923112657

706 qw the Skirmisher (level 7, -1/44 HPs)
             Began as a Gargoyle Hunter on Sept 8, 2023.
             Slain by Duvessa
             ... wielding a +0 short sword of protection
              (8 damage)
             ... on level 5 of the Dungeon.
             The game lasted 00:01:37 (3450 turns).

qw the Skirmisher (Gargoyle Hunter)                 Turns: 3450, Time: 00:01:37

Health: -1/44      AC: 11    Str: 15    XL:     7   Next: 67%
Magic:  0/7        EV: 11    Int:  9    God:
Gold:   555        SH:  0    Dex: 15    Spells: 6/6 levels left

rFire   . . .        Y - +0 shortbow
rCold   . . .        (shield currently unavailable)
rNeg    + . .        k - +0 ring mail
rPois   inf          i - +1 hat
rElec   +            (no cloak)
rCorr   .            (no gloves)
SInv    .            (no boots)
Will    .....        g - amulet of guardian spirit
Stlth   +            (no ring)
HPRegen 0.27/turn    (no ring)
MPRegen 0.10/turn

%: guardian spirit
@: no status effects
A: sickness immunity, AC +4, negative energy resistance 1, electricity
resistance, torment resistance 1, petrification resistance
a: no special abilities


You were on level 5 of the Dungeon.
You visited 1 branch of the dungeon, and saw 5 of its levels.

You collected 555 gold pieces.


Innate Abilities, Weirdness & Mutations

You are immune to sickness and miasma.
Your stone body is resilient. (AC +4)
You are immune to poison.
You resist negative energy. (rN+)
You are resistant to electric shocks. (rElec)
You are resistant to unholy torment.
You are immune to petrification.


   Skills:
 - Level 5.1 Fighting
 - Level 8.0 Ranged Weapons
 - Level 1.0 Armour
 + Level 1.5 Dodging
 - Level 1.1 Stealth


You had 6 spell levels left.
You didn't know any spells.
Your spell library was empty.

Inventory:

Hand Weapons
 Y - a +0 shortbow (weapon)
Armour
 i - a +1 hat (worn)
 k - a +0 ring mail (worn)
Jewellery
 g - an amulet of guardian spirit (around neck)
Scrolls
 c - a scroll of identify
Potions
 a - a potion of cancellation {unknown}
 b - a potion of attraction {unknown}
 d - 2 potions of enlightenment {unknown}
 e - a potion of curing
 f - a potion of degeneration {unknown}
 h - a potion of resistance {unknown}
 j - a potion of mutation {unknown}

Dungeon Overview and Level Annotations

Branches:
Dungeon (5/15)
 Temple: D:4-7

Altars:
Cheibriados
Fedhas
Gozag
Ru
Uskayaw
The Shining One

Shops:
D:5 *

Annotations:
D:3 2 transporters, exclusion: oklob plant, qw's ghost, amateur GrHu
D:5 Dowan; Duvessa


Message History

Duvessa hits you but does no damage.
You shoot an arrow.
The arrow hits Duvessa but does no damage.
Duvessa is moderately wounded.
Duvessa hits you with a +0 short sword of protection.
Dowan hits you but does no damage.
You shoot an arrow. The arrow hits Duvessa.
Duvessa is moderately wounded.
Duvessa hits you but does no damage. Dowan hits you but does no damage.
You shoot an arrow. The arrow hits Duvessa.
Duvessa is heavily wounded.
Duvessa closely misses you. Dowan hits you but does no damage.
You shoot an arrow. The arrow hits Duvessa.
Duvessa is heavily wounded.
Duvessa hits you with a +0 short sword of protection.
Dowan hits you but does no damage. Duvessa misses you.
Dowan casts a spell at you. You resist with some effort.
You shoot an arrow.
The arrow hits Duvessa but does no damage.
Duvessa is heavily wounded.
Duvessa hits you with a +0 short sword of protection.
Dowan hits you with a +0 dagger of protection.
You shoot an arrow. The arrow hits Duvessa.
Duvessa is severely wounded.
Duvessa hits you but does no damage.
Dowan mumbles some strange words.
Dowan blinks!
You shoot an arrow. The arrow hits Duvessa.
Duvessa is severely wounded.
Duvessa completely misses you.
You shoot an arrow. The arrow barely misses Duvessa.
Duvessa hits you but does no damage.
You shoot an arrow. The arrow barely misses Duvessa.
Duvessa hits you with a +0 short sword of protection.
Dowan smirks and points a slender finger.
You shoot an arrow. The arrow hits Duvessa.
Duvessa is severely wounded.
Duvessa hits you with a +0 short sword of protection!
You die...

##.####
........#
.~~.....# ##
..~.....#####...
_.~.............
..~~............
...~.....e......
.}e~....@# ##
\..~.....# .
.}.~####.## .#
.. #..# .#
##.#..# ####.#.#
#......#
#>.##.### ....
#.#######


You could see Duvessa and Dowan.

Vanquished Creatures
  Grinder (D:4)
  Menkaure (D:5)
  Edmund (D:4)
  A phantom (D:4)
  A howler monkey (D:4)
  A jelly (D:4)
  A sleepcap (D:4)
  2 adders
  2 dart slugs
  3 orcs
  8 endoplasms
  6 goblins
  8 hobgoblins
  5 jackals
  2 quokkas
  11 ball pythons
  4 bats
  A frilled lizard (D:2)
  6 kobolds
  5 rats (D:1)
70 creatures vanquished.

Notes
Turn   | Place    | Note
-------+----------+-------------------------------------------
     0 | D:1      | qw the Gargoyle Hunter began the quest for the Orb.
     0 | D:1      | Reached XP level 1. HP: 12/12 MP: 1/1
     0 | D:1      | 0 ||| qw: Version: 0.3-a-76-g4403597
     0 | D:1      | 0 ||| qw: Game counter: 1247
     0 | D:1      | 0 ||| qw: Melee chars always use a shield: true
     0 | D:1      | 0 ||| qw: God list: Okawaru
     0 | D:1      | 0 ||| qw: Allow faded altars: false
     0 | D:1      | 0 ||| qw: Do Orc after clearing Dungeon:15 true
     0 | D:1      | 0 ||| qw: Do second Lair branch before Depths: true
     0 | D:1      | 0 ||| qw: Lair rune preference: random
     0 | D:1      | 0 ||| qw: Goals: Normal
     0 | D:1      | 0 ||| PLANNING D:1-11
    35 | D:1      | Reached XP level 2. HP: 17/17 MP: 2/2
   410 | D:1      | Reached XP level 3. HP: 21/21 MP: 3/3
   616 | D:1      | Reached skill level 5 in Ranged Weapons
   699 | D:1      | 699 ||| UPGRADING to amulet of guardian spirit.
   704 | D:1      | 704 ||| READING scroll labelled FUMAGU AVVETS.
   705 | D:1      | 705 ||| READING scroll labelled OGU PESEOT.
   710 | D:1      | 710 ||| READING scroll labelled QEENA JIDANGINK.
   711 | D:1      | 711 ||| DROPPING scroll of butterflies.
   931 | D:2      | Reached skill level 3 in Fighting
  1256 | D:2      | 1256 ||| UPGRADING to +0 ring mail.
  1266 | D:2      | 1266 ||| DROPPING +0 leather armour.
  1267 | D:2      | 1267 ||| READING scroll labelled TAUGED GIWN.
  1268 | D:2      | 1268 ||| READING scroll labelled KOJAUSONTI.
  1268 | D:2      | Identified a scroll of acquirement
  1268 | D:2      | 1268 ||| ACQUIRING 354 gold pieces
  1268 | D:2      | Acquired 354 gold pieces
  1270 | D:2      | 1270 ||| READING scroll labelled XOOWODWEPTO.
  1316 | D:3      | Noticed qw's ghost (amateur GrHu)
  1317 | D:3      | Found a transporter.
  1318 | D:3      | Found a transporter.
  1364 | D:3      | Reached XP level 4. HP: 26/28 MP: 4/4
  1422 | D:3      | Found a snail-covered altar of Cheibriados.
  1431 | D:3      | Reached skill level 1 in Armour
  1479 | D:3      | Noticed a necrophage
  1577 | D:3      | Found a sacrificial altar of Ru.
  1724 | D:3      | Found a glowing golden altar of the Shining One.
  1724 | D:3      | Found a hide-covered altar of Uskayaw.
  1790 | D:3      | Found a blossoming altar of Fedhas.
  1802 | D:3      | Noticed an oklob plant
  1803 | D:3      | 1803 ||| UPGRADING to +1 hat.
  1808 | D:3      | 1808 ||| READING scroll labelled WIHEUR PAA.
  1821 | D:3      | HP: 2/28 [oklob plant/splash of acid (26)]
  1822 | D:3      | 1822 ||| READING scroll of teleportation.
  2259 | D:4      | Noticed Grinder
  2268 | D:4      | 2268 ||| STAIRDANCE
  2298 | D:4      | Paralysed by Grinder for 5 turns
  2315 | D:4      | 2315 ||| STAIRDANCE
  2334 | D:4      | Paralysed by Grinder for 4 turns
  2343 | D:4      | Killed Grinder
  2344 | D:4      | Reached skill level 6 in Ranged Weapons
  2344 | D:4      | Reached XP level 5. HP: 32/32 MP: 5/5
  2344 | D:4      | Reached XP level 6. HP: 37/37 MP: 6/6
  2438 | D:4      | Reached skill level 7 in Ranged Weapons
  2440 | D:4      | Reached XP level 7. HP: 26/43 MP: 4/7
  2626 | D:4      | Noticed Edmund
  2640 | D:4      | Killed Edmund
  2641 | D:4      | Reached skill level 8 in Ranged Weapons
  3114 | D:4      | 3114 ||| READING 2 scrolls labelled REUJOG ROPICS.
  3115 | D:4      | 3115 ||| READING scroll labelled MURURITOGA.
  3116 | D:4      | 3116 ||| READING scroll labelled NAVVYEMMUE.
  3139 | D:4      | 3139 ||| READING scroll labelled EQOEGOAHER.
  3140 | D:4      | 3140 ||| DRINKING 2 amethyst potions.
  3141 | D:4      | 3141 ||| DRINKING 2 green potions.
  3142 | D:4      | 3142 ||| DROPPING potion of brilliance.
  3202 | D:5      | Entered Level 5 of the Dungeon
  3202 | D:5      | Noticed Menkaure
  3208 | D:5      | 3208 ||| STAIRDANCE
  3266 | D:5      | Killed Menkaure
  3267 | D:5      | 3267 ||| STAIRDANCE
  3424 | D:5      | Found Gozag's Platinum Reserve.
  3424 | D:5      | Found an opulent altar of Gozag.
  3425 | D:5      | Noticed Duvessa
  3425 | D:5      | Noticed Dowan
  3445 | D:5      | HP: 9/44 [Duvessa/+0 short sword of protection (4)]
  3450 | D:5      | Slain by Duvessa

Levels and vault maps discovered:
D:1:      pf_arrival_petrified_forest, layout_basic
D:2:      layout_basic, serial_glass, glass_columns_a, glass_columns_c
D:3:      layout_loops_cross, lemuel_coloured_pillars_altar,
          gammafunk_temple_overflow_wave, overflow_temple_1_default, tgw_fedhas,
          gammafunk_ghost_mausoleum
D:4:      layout_loops_ring, minmay_vboxes, uniq_grinder, uniq_edmund
D:5:      layout_rooms, nicolae_gozag_zags_fifth_avenue, serial_shops, shop,
          uniq_duvessa, uniq_prince_ribbit1, uniq_crazy_yiuf_cottage,
          uniq_menkaure

Skill      XL: |  1  2  3  4  5  6  7 |
---------------+----------------------+-----
Ranged Weapons | 5 6 7 8 |  8.0
Fighting       | 3 4 5 |  5.1
Armour         | 1 |  1.0
Dodging        | |  1.5
Stealth        | |  1.1

Action                     |  1- 3 |  4- 6 |  7- 9 || total
---------------------------+-------+-------+-------++-------
   Fire: Shortbow          |   137 |   107 |    72 ||   316
    Use: Scroll            |     6 |     2 |     4 ||    12
         Potion            |       |       |     2 ||     2
 Armour: Leather armour    |    43 |       |       ||    43
         Ring mail         |     2 |    39 |    44 ||    85
  Dodge: Dodged            |    55 |    20 |    22 ||    97

Table legend:
 A = Non-vault XP
 B = Vault XP
 C = Vault XP percentage of total XP
 D = Non-vault monster count
 E = Vault monster count
 F = Vault count percentage of total count
                 A         B        C        D         E       F
            +---------+---------+-------+---------+---------+-------
      Total |     132 |     877 |  86.9 |      60 |      10 |  14.3
            +---------+---------+-------+---------+---------+-------
        D:1 |      44 |       0 |   0.0 |      26 |       0 |   0.0
        D:2 |      31 |       0 |   0.0 |      12 |       0 |   0.0
        D:3 |      22 |       0 |   0.0 |      11 |       0 |   0.0
        D:4 |      35 |     702 |  95.3 |      11 |       9 |  45.0
        D:5 |       0 |     175 | 100.0 |       0 |       1 | 100.0
            +---------+---------+-------+---------+---------+-------
